 Dungeon Crawl Stone Soup version 0.30-a0-242-g7bf8e6d787 (webtiles) character file.

Game seed: 3678935561706119311

492 IdlyInterested the Trooper (level 6, -4/51 HPs)
             Began as a Demonspawn Wanderer on Oct 11, 2022.
             Slain by a gnoll bouda
             ... wielding a +0 whip
              (5 damage)
             ... on level 5 of the Dungeon.
             The game lasted 00:14:10 (3725 turns).

IdlyInterested the Trooper (Demonspawn Wanderer)    Turns: 3725, Time: 00:14:11

Health: -4/51      AC:  6    Str: 17    XL:     6   Next: 91%
Magic:  7/7        EV:  8    Int: 15    God:
Gold:   82         SH: 11    Dex: 17    Spells: 6/7 levels left

rFire   . . .      SeeInvis .    k - +0 broad axe (vamp)
rCold   . . .      Faith    .    f - +3 kite shield of the Quahog {+Blink Fly Int+3}
rNeg    . . .      Spirit   .    a - +0 scale mail {rPois}
rPois   +          Reflect  .    (no helmet)
rElec   .          Harm     .    (no cloak)
rCorr   .          Rampage  .    (no gloves)
Will    +....                    (no boots)
Stlth   +.........               u - amulet of regeneration
HPRegen 1.08/turn                p - +6 ring of strength
MPRegen 0.10/turn                j - ring of willpower

@: flying
A: foul stench 2, demonic magic 1, weakness stinger 1
a: Evoke Blink


You were on level 5 of the Dungeon.
You visited 2 branches of the dungeon, and saw 6 of its levels.

You collected 236 gold pieces.
You spent 154 gold pieces at shops.

Inventory:

Hand Weapons
 k - a +0 vampiric broad axe (weapon)
Armour
 a - a +0 scale mail of poison resistance (worn)
 f - the +3 kite shield of the Quahog (worn) {+Blink Fly Int+3}
   (You acquired it on level 5 of the Dungeon)

   Int:       It affects your intelligence (+3).
   Fly:       It grants you flight.
   +Blink:    It lets you blink.
Jewellery
 j - a ring of willpower (right hand)
 p - a +6 ring of strength (left hand)
 u - an amulet of regeneration (around neck)
Wands
 i - a wand of acid (2)
Scrolls
 c - 2 scrolls of blinking
 e - 2 scrolls of identify
 m - 2 scrolls of teleportation
Potions
 l - a potion of magic
 n - a potion of resistance
 s - a potion of ambrosia
 t - a potion of heal wounds


   Skills:
 + Level 5.5 Fighting
 - Level 3.6 Short Blades
 * Level 3.2 Axes
 - Level 1.0 Armour
 - Level 1.0 Dodging
 - Level 2.0 Stealth
 - Level 1.7 Shields
 - Level 1.0 Spellcasting
 - Level 1.0 Translocations


You had 6 spell levels left.
You knew the following spells:

 Your Spells              Type           Power      Damage    Failure   Level
a - Apportation           Tloc           6%         N/A       88%         1

Your spell library contained the following spells:

 Spells                   Type           Power      Damage    Failure   Level
 Magic Dart               Conj           0%         1d3       96%         1
 Searing Ray              Conj           0%         2d4       99%         2
 Gell's Gravitas          Tloc           3%         N/A       99%         3
 Fulminant Prism          Conj/Hex       0%         3d6       100%        4


Dungeon Overview and Level Annotations

Branches:
Dungeon (5/15)             Temple (1/1) D:4

Altars:
Cheibriados
Fedhas
Gozag
Kikubaaqudgha
Makhleb
Nemelex Xobeh
Okawaru
Ru
Sif Muna
Trog
Uskayaw
Vehumet
Wu Jian
Yredelemnul

Shops:
D:2 (


Innate Abilities, Weirdness & Mutations

You sometimes emit foul miasma when damaged in melee.
Spells you cast may paralyse adjacent enemies.
You have a small tail.


Message History

You hit the gnoll. You hit the worm but do no damage.
You closely miss the shadow imp. The shadow imp closely misses you.
The gnoll barely misses you. You block the gnoll's attack.
The gnoll hits you from afar with a +0 spear.
You block the gnoll bouda's attack. You block the gnoll's attack.
The gnoll hits you but does no damage. The shadow imp hits you.
The gnoll hits you but does no damage. The gnoll closely misses you.
The gnoll bouda calls upon its god to heal the gnoll.
The gnoll's wounds heal themselves!
The gnoll hits you but does no damage. The worm bites you!
You slash the gnoll bouda!
You feel better.
The gnoll bouda is moderately wounded.
You hit the worm but do no damage.
You hit the shadow imp but do no damage.
You barely miss the gnoll. You hit the gnoll.
You feel better.
Your attacks no longer feel as feeble.
The gnoll hits you with a +0 whip!
The gnoll hits you from afar with a +0 halberd.
A necrophage comes into view.
You block the shadow imp's attack. The gnoll barely misses you.
The gnoll hits you with a +0 club. The gnoll barely misses you.
The gnoll bouda hits you with a +0 whip!
The gnoll closely misses you. The gnoll hits you with a +0 whip.
* * * LOW HITPOINT WARNING * * *
The worm bites you!
* * * LOW HITPOINT WARNING * * *
You barely miss the gnoll bouda.
The gnoll bouda is moderately wounded.
You hit the worm. You closely miss the shadow imp. You slash the gnoll!
You feel better.
You slash the gnoll!
You kill the gnoll!
You block the shadow imp's attack.
The gnoll hits you from afar with a +0 spear.
* * * LOW HITPOINT WARNING * * *
You block the gnoll's attack.
The gnoll hits you from afar with a +0 halberd!
* * * LOW HITPOINT WARNING * * *
The gnoll closely misses you.
The gnoll bouda hits you with a +0 whip.
You die...

.######.#.# . ........#.#
. ##..#...#.#.#
.n.......#.### ######
##...........# ......
....ggg.....# #######
###### #.g(w.....# #......
## #wg@5.....# #...... .#
#....###### #...... .#
#....## #...... .# ####..#
##...... .# ##.#
####...)... .#
#.####.......... .###
#>.....###...... ..<#
#.##..## ##.#.#.
##################.###'###
#.#...


You could see a necrophage, a gnoll bouda, 2 worms, 4 gnolls and a shadow imp.

Vanquished Creatures
  A centaur (D:4)
  A scorpion (D:3)
  2 orc priests
  A gnoll bouda (D:5)
  An iguana (D:5)
  2 orc wizards
  7 gnolls
  6 adders
  3 worms
  2 dart slugs
  9 orcs
  2 ball pythons
  6 endoplasms
  4 giant cockroaches
  4 goblins
  4 hobgoblins
  2 jackals (D:1)
  5 kobolds
  3 quokkas
  4 bats
  5 frilled lizards
  3 rats
77 creatures vanquished.

Vanquished Creatures (others)
  7 fungi (D:1)
  8 plants
15 creatures vanquished.

Grand Total: 92 creatures vanquished

Notes
Turn   | Place    | Note
-------+----------+-------------------------------------------
     0 | D:1      | IdlyInterested the Demonspawn Wanderer began the quest for
                  | the Orb.
     0 | D:1      | IdlyInterested set off with the following items: a +2 short
                  | sword, a +0 buckler, a scroll of blinking, a +0 robe; and
                  | the following spell memorised: Apportation; and the
                  | following spells available to memorise: Gell's Gravitas.
     0 | D:1      | Reached XP level 1. HP: 15/15 MP: 2/2
    68 | D:1      | Reached skill level 2 in Fighting
    83 | D:1      | Gained mutation: You may rarely emit foul miasma when
                  | damaged in melee. [demonic ancestry]
    83 | D:1      | Reached XP level 2. HP: 22/22 MP: 3/3
   569 | D:1      | Found a faded altar of an unknown god.
   728 | D:2      | Reached XP level 3. HP: 28/28 MP: 4/4
   777 | D:2      | Reached skill level 3 in Fighting
   906 | D:2      | Found Nodeilla's Antique Weapon Boutique.
  1393 | D:3      | Reached skill level 1 in Stealth
  1446 | D:3      | Found an ornate altar of the Wu Jian Council.
  1502 | D:3      | Gained mutation: You sometimes emit foul miasma when
                  | damaged in melee. [demonic ancestry]
  1502 | D:3      | Reached XP level 4. HP: 18/37 MP: 5/5
  1611 | D:3      | Reached skill level 4 in Fighting
  1638 | D:3      | Noticed a scorpion
  1647 | D:3      | Killed a scorpion
  1648 | D:3      | Discovered your monstrous ancestry.
  1648 | D:3      | Gained mutation: You have a small tail. [demonic ancestry]
  1648 | D:3      | Reached XP level 5. HP: 38/43 MP: 6/6
  1811 | D:3      | Found a hide-covered altar of Uskayaw.
  1929 | D:3      | Found a snail-covered altar of Cheibriados.
  2272 | D:2      | Bought a glowing broad axe for 154 gold pieces
  2461 | D:4      | Found a shimmering blue altar of Sif Muna.
  2590 | D:4      | Reached skill level 1 in Axes
  2768 | D:4      | Noticed a centaur
  2774 | D:4      | Killed a centaur
  2775 | D:4      | Reached skill level 5 in Fighting
  2775 | D:4      | Reached skill level 1 in Armour
  2775 | D:4      | Gained mutation: Spells you cast may paralyse adjacent
                  | enemies. [demonic ancestry]
  2775 | D:4      | Reached XP level 6. HP: 51/51 MP: 7/7
  2958 | D:4      | Found a staircase to the Ecumenical Temple.
  2967 | Temple   | Entered the Ecumenical Temple
  3074 | D:4      | Found a burning altar of Makhleb.
  3399 | D:5      | Entered Level 5 of the Dungeon
  3496 | D:5      | Identified a scroll of acquirement
  3496 | D:5      | Acquired the +3 kite shield of the Quahog {+Blink Fly
                  | Int+3}
  3641 | D:5      | Found a radiant altar of Vehumet.
  3725 | D:5      | HP: 1/51 [gnoll/+0 halberd[a gnoll bouda] (9)]
  3725 | D:5      | Slain by a gnoll bouda

Illustrated notes

Levels and vault maps discovered:
D:1:      wander_arrival_desolate, layout_rooms,
          shapermc_ecumenical_altar_petra, grunt_decor_cap,
          hangedman_glass_teeth
D:2:      layout_basic, serial_shops, nicolae_square_shop, grunt_ministairs_8,
          chequers_hall_statues_y, kennysheep_potato
D:3:      layout_loops_cross, lemuel_tele_altar, mainiacjoe_overflow_boulevard,
          mainiacjoe_overflow_alcove_4, grunt_decor_resistance,
          serial_bayou_ford_a, mrwooster_statue_mirror,
          nicolae_figureground_pulse
D:4:      layout_loops_cross, bloody_makhleb, nicolae_sif_muna_condensation,
          lemuel_temple_firewalk_b, chequers_decorated_corner,
          nicolae_eternal_life, minmay_misc_feat_rugged
D:5:      layout_basic, nicolae_vehumet_altar_sigil, minivault_24,
          minmay_checkerbox
Temple:   hellmonk_temple_of_storms

Skill      XL: |  1  2  3  4  5  6 |
---------------+-------------------+-----
Fighting       | 2 3 4 5 |  5.5
Stealth        | 1 2 |  2.0
Axes           | 2 3 |  3.2
Armour         | 1 |  1.0
Short Blades   | |  3.6
Dodging        | |  1.0
Shields        | |  1.7
Spellcasting   | |  1.0
Translocations | |  1.0

Action                   |  1- 3 |  4- 6 || total
-------------------------+-------+-------++-------
Melee: Short sword       |   160 |    35 ||   195
       Broad axe         |       |    58 ||    58
       Tailslap          |       |    12 ||    12
  Use: Scroll            |     8 |     6 ||    14
 Stab: Sleeping          |     1 |     2 ||     3
Armor: Robe              |     3 |       ||     3
       Ring mail         |    32 |    16 ||    48
       Scale mail        |       |     8 ||     8
Dodge: Dodged            |    56 |    42 ||    98
Block: Buckler           |    21 |    22 ||    43
       Kite shield       |       |    20 ||    20

Table legend: (Time is in decaauts)
 A = Elapsed time spent in this place.
 B = Non-inter-level travel time spent in this place.
 C = Inter-level travel time spent in this place.
 D = Time resting spent in this place.
 E = Time spent auto-exploring this place.
 F = Levels seen in this place.
 G = Mean time per level.
                   A        B        C        D        E       F      G
               +--------+--------+--------+--------+--------+-----+--------+
         Total |   3744 |   3211 |    533 |     11 |   2154 |   6 |  624.0 |
       Dungeon |   3703 |   3170 |    533 |     11 |   2130 |   5 |  740.6 |
        Temple |     40 |     40 |      0 |      0 |     24 |   1 |   40.0 |
               +--------+--------+--------+--------+--------+-----+--------+

Top non-repeatable levels by time:
     D:3: 1025 daAuts
     D:4: 1015 daAuts
     D:2: 763 daAuts
     D:1: 651 daAuts
     D:5: 247 daAuts
  Temple: 40 daAuts
